Map: Ulrena

Players

FyCkmE

  • Race: Protoss Protoss
  • League: Diamond

LilDicky - Winner!

  • Race: Terran Terran
  • League: Diamond

VOD

http://www.twitch.tv/tumescentpie

Description

Time

  • Played on: Dec. 24, 2015, 10:51 p.m.
  • Length: 7:14
Show
View Real Time Build Order
Export as new Build Order

FyCkmE Protoss 

Build Orders: 1 Gate Expand 

Get SALT Encoding   

  12  0:01  Probe (Chrono Boost)  
  13  0:12  Probe (Chrono Boost)  
  14  0:20  Pylon  
  14  0:25  Probe (Chrono Boost)  
  15  0:39  Probe (Chrono Boost)  
  16  0:49  Probe (Chrono Boost)  
  17  0:50  Assimilator  
  17  0:57  Gateway  
  17  1:00  Probe (Chrono Boost)  
  19  1:11  Probe (Chrono Boost)  
  19  1:30  Nexus  
  19  1:31  Pylon  
  19  1:32  Probe (Chrono Boost)  
  20  1:44  Cybernetics Core  
  20  1:49  Probe (Chrono Boost)  
  21  1:54  Assimilator  
  21  1:59  Probe (Chrono Boost)  
  22  2:10  Probe (Chrono Boost)  
  23  2:21  Mothership Core (Chrono Boost), Warp Gate  
  25  2:25  Adept  
  27  2:32  Gateway  
  27  2:34  Gateway  
  27  2:39  Probe (Chrono Boost)  
  28  2:57  Probe x2 (Chrono Boost)  
  30  3:04  Pylon  
  30  3:08  Stalker  
  30  3:11  Pylon  
  32  3:22  Gateway  
  32  3:25  Gateway  
  30  3:50  Forge  
  30  3:51  Twilight Council  
  30  4:03  Robotics Facility  
  30  4:08  Probe x2 (Chrono Boost)  
  32  4:23  Protoss Ground Weapons Level 1 (Chrono Boost)  
  32  4:28  Dark Shrine  
  32  4:29  Probe  
  32  4:30  Probe  
  34  4:42  Probe  
  34  4:45  Pylon  
  30  4:50  Warp Prism  
  32  4:54  Pylon  
  32  4:58  Pylon  
  31  5:01  Stalker  
  33  5:10  Pylon  
  31  5:22  Dark Shrine  
  31  5:23  Adept  
  31  5:24  Adept  
  35  5:35  Sentry  
  29  5:46  Stalker x2  
  31  5:58  Zealot  
  33  6:05  Cybernetics Core  
  28  6:21  Zealot x2  
  22  6:44  Pylon  
  22  6:46  Pylon  
  11  6:56  Pylon  
Show
View Real Time Build Order
Export as new Build Order

LilDicky Terran - Winner!

Build Orders: MMM Bio 

Get SALT Encoding   

  12  0:01  SCV  
  13  0:13  SCV  
  14  0:17  Supply Depot  
  14  0:25  SCV  
  15  0:33  Refinery  
  15  0:39  SCV  
  16  0:46  Barracks  
  16  0:51  SCV  
  17  1:03  SCV  
  18  1:15  SCV  
  19  1:27  SCV  
  20  1:33  Marine  
  20  1:35  Supply Depot  
  20  1:38  Factory  
  21  1:41  Orbital Command  
  21  1:51  Marine  
  22  2:02  Barracks  
  22  2:08  Barracks  
  22  2:12  SCV  
  22  2:15  Barracks Reactor  
  23  2:18  Refinery  
  23  2:25  SCV  
  24  2:37  SCV  
  24  2:43  Supply Depot  
  25  2:56  Barracks Tech Lab x2, Marine  
  25  2:57  SCV, Marine  
  28  3:00  Widow Mine  
  30  3:10  SCV  
  30  3:12  Supply Depot  
  31  3:14  Marine  
  31  3:19  Combat Shields, Stimpack  
  32  3:20  Marine x2  
  32  3:22  Marine  
  35  3:38  Marauder  
  35  3:39  Marine x2  
  35  3:40  SCV  
  40  3:46  Marine  
  40  3:58  Marine x2  
  40  4:00  Marauder  
  42  4:04  Marauder  
  42  4:06  SCV  
  45  4:14  Starport  
  45  4:15  Supply Depot  
  45  4:19  SCV  
  46  4:32  SCV  
  46  4:36  Widow Mine  
  46  4:37  Marauder  
  51  4:50  Marine  
  51  5:05  Marine x2  
  51  5:06  Marauder  
  55  5:10  SCV  
  51  5:23  Marauder  
  51  5:25  Medivac  
  55  5:29  Marine  
  55  5:31  Marine  
  55  5:36  Command Center  
  54  5:43  Marauder  
  54  5:44  Marine  
  55  5:58  Marine  
  55  6:00  Marine  
  55  6:09  Marine  
  54  6:12  Medivac  
  54  6:16  Marine  
  55  6:18  Marauder  
  55  6:30  Marauder  
  55  6:47  Marine x3  
  55  6:51  Marine  
Tags
 
Add a new tag
Caveats
  • Supply blocks, unpowered buildings, or Contaminate may cause inaccurate times.
  • Supply counts are checked every 10 seconds.